 Dungeon Crawl Stone Soup version 0.23.0-3-gf3c87f2 (webtiles) character file.

Game seed: 5504496313370108184

129736 skk the Peltast (level 17, -1/109 HPs)
             Began as a Formicid Fighter on Feb 23, 2019.
             Was a High Priest of Okawaru.
             Slain by a large abomination (27 damage)
             ... on level 3 of the Abyss.
             The game lasted 01:17:24 (31310 turns).

skk the Peltast (Formicid Fighter)                 Turns: 31310, Time: 01:17:24

Health: -1/109     AC: 23    Str: 31 (33) XL:     17   Next: 27%
Magic:  25/25      EV: 33    Int: 10      God:    Okawaru [*****.]
Gold:   1259       SH: 17    Dex: 22 (23) Spells: 16/16 levels left

rFire    + + .     SeeInvis +   F - +6 whip of World Downfall {slash, rPois Dex+4}
rCold    + . .     Gourm    .   c - +0 shield
rNeg     + + .     Faith    .   P - +1 plate armour "Zulue" {+Blink rF+ Str+4 Int+2} (curse)
rPois    +         Spirit   .   (helmet unavailable)
rElec    +         Reflect  .   B - +2 ratskin cloak {+Rats rPois rN+ Str-1 Int-1 Dex+1}
rCorr    +         Harm     .   I - +0 pair of gloves {Dex+3}
MR       +....                  D - +1 pair of boots {run}
Stlth    ..........             k - amulet of the acrobat
HPRegen  0.00/turn              w - ring of resist corrosion
MPRegen  0.19/turn              O - ring of positive energy

@: mighty, agile, resistant, acrobat, non-regenerating, diseased, quick
A: permanent stasis, dig shafts and tunnels, four strong arms, antennae 3,
[blurry vision 2], [deterioration 2], [frail 2], [screaming 2], weak 1
}: 1/15 runes: abyssal
a: Dig, Shaft Self, Heroism, Finesse, Renounce Religion, Evoke Ratskin


You were on level 3 of the Abyss.
You worshipped Okawaru.
Okawaru was extremely pleased with you.
You were not hungry.

You visited 5 branches of the dungeon, and saw 27 of its levels.
You visited the Abyss 1 time.
You also visited: Volcano.

You collected 2221 gold pieces.
You spent 962 gold pieces at shops.

Inventory:

Hand Weapons
 v - a +2 scimitar of flaming
 F - the +6 whip of World Downfall (weapon) {slash, rPois Dex+4}
   (You found it on level 1 of the Lair of Beasts)

   It inflicts extra damage upon your enemies.
   It affects your dexterity (+4).
   It protects you from poison.
 G - a +3 double sword of slicing
Armour
 c - a +0 shield (worn)
 B - the +2 ratskin cloak (worn) {+Rats rPois rN+ Str-1 Int-1 Dex+1}
   (You found it on level 6 of the Dungeon)

   It affects your strength (-1).
   It affects your intelligence (-1).
   It affects your dexterity (+1).
   It protects you from poison.
   It protects you from negative energy.
 D - a +1 pair of boots of running (worn)
 I - a +0 pair of gloves of dexterity (worn)
 P - the cursed +1 plate armour "Zulue" (worn) {+Blink rF+ Str+4 Int+2}
   (You found it on level 12 of the Dungeon)

   It affects your strength (+4).
   It affects your intelligence (+2).
   It protects you from fire.
   It lets you blink.
   It has a curse placed upon it.
Jewellery
 g - an uncursed ring of fire
 k - an amulet of the acrobat (around neck)
 n - an uncursed ring of magical power
 t - a +5 ring of evasion
 w - a ring of resist corrosion (left hand)
 O - a ring of positive energy (right hand)
 T - an uncursed ring of protection from cold
Wands
 i - a wand of polymorph (7)
 u - a wand of scattershot (4)
 y - a wand of flame (18)
 z - a wand of random effects (31)
 C - a wand of iceblast (28)
 E - a wand of disintegration (14)
 J - a wand of digging (8)
 U - a wand of clouds (7)
Scrolls
 b - 3 scrolls of enchant weapon
 e - a scroll of fog
 m - a scroll of fear
 q - 3 scrolls of enchant armour
 s - 6 scrolls of amnesia
 A - 10 scrolls of remove curse
 K - a scroll of magic mapping
 L - 2 scrolls of holy word
 N - 15 scrolls of identify
 Q - a scroll of brand weapon
 S - a scroll of noise
Potions
 a - 2 potions of agility
 d - 2 potions of might
 h - 6 potions of curing
 l - 6 potions of lignification
 o - 2 potions of flight
 p - 5 potions of mutation
 r - 4 potions of cancellation
 x - 2 potions of magic
Miscellaneous
 H - a lightning rod (4/4)
Comestibles
 f - 32 rations
 j - 4 chunks of flesh


   Skills:
 * Level 13.2 Fighting
 + Level 3.2 Long Blades
 + Level 12.6(13.9) Maces & Flails
   Level 3.3(7.3) Polearms
   Level 10.2(12.9) Staves
 + Level 11.4 Armour
 + Level 6.2 Dodging
 - Level 1.6 Stealth
 + Level 16.8 Shields
 + Level 11.7 Invocations
 + Level 2.7 Evocations


You had 16 spell levels left.
You didn't know any spells.
Your spell library contained the following spells:

 Spells                   Type           Power        Failure   Level  Hunger
 Beastly Appendage        Tmut           #.....       93%         1    ##.....
 Summon Small Mammal      Summ           #...         93%         1    ##.....
 Call Imp                 Summ           #.......     98%         2    ###....
 Call Canine Familiar     Summ           #.......     100%        3    ####...
 Summon Guardian Golem    Hex/Summ       #.......     100%        3    ####...
 Ice Form                 Ice/Tmut       #.......     100%        4    #####..
 Summon Ice Beast         Ice/Summ       #.......     100%        4    #####..
 Summon Lightning Spire   Summ/Air       #.......     100%        4    #####..
 Blade Hands              Tmut           #.........   100%        5    ######.
 Statue Form              Tmut/Erth      #........    100%        6    #######


Dungeon Overview and Level Annotations

Branches:
Dungeon (15/15)            Temple (1/1) D:4            Lair (6/6) D:8
  Swamp (0/4) Lair:4        Snake (0/4) Lair:3        Slime (0/5) Lair:6
    Orc (2/2) D:12            Elf (3/3) Orc:2        Vaults (0/5) D:13
 Depths (0/5) D:15

Altars:
Ashenzari
Cheibriados
Dithmenos
Elyvilon
Fedhas
Gozag
Hepliaklqana
Kikubaaqudgha
Makhleb
Nemelex Xobeh
Okawaru
Qazlal
Ru
Sif Muna
Trog
Uskayaw
Vehumet
Wu Jian
Xom
Yredelemnul
Zin
The Shining One
Beogh
Jiyva

Shops:
D:4 *   D:10 :   Orc:2 *?%?   Elf:3 (


Innate Abilities, Weirdness & Mutations

You cannot be hasted, slowed, berserked, paralysed or teleported.
You can dig through walls and to a lower floor.
Your four strong arms can wield two-handed weapons with a shield.
You have a pair of large antennae on your head. (SInv)
You are weak. (Str -2)
[Scrolls take you longer to read.]
[Your body often deteriorates upon taking damage.]
[You are very frail. (-20% HP)]
[You sometimes yell uncontrollably at your foes.]


Message History

You hear a shout!
You hear a roar!
You hear a croak.
You hear a bark!
You hear a roar!
You see here 18 stones.
You block the small abomination's attack.
The smoke demon gestures at you. Something smites you!
The lurking horror explodes!
The great orb of eyes convulses!
Your body is wracked with pain!
* * * LOW HITPOINT WARNING * * *
Your body deteriorates!
You feel weakened.
The orb spider convulses!
An earth elemental, a spatial vortex and a large abomination come into view.
The small abomination completely misses you.
You block the great orb of eyes's attack.
The spatial vortex moves out of view.
You block the +1 flail of holy wrath's attack.
You block the small abomination's attack.
You block the +1 flail of holy wrath's attack.
The large abomination hits you!!
You die...

#. {≈E #
#§..§§.§§§ #÷#
#≈# #..§...§..
.≈E ##. .§.§§§
. #≈#{
##s%3..§§§. #.
{ { #X§§...X§..
# { ##GZ#...§.
#)#{ {{
#§hDx.#.§# .
#§x.X#.§.§ ## {
##(@h§§..§.
§.E*......§.
....X§9§..§§§..
{..§....§§§.#.§
§§§§§§§...§...§
...§.§§#§§§§§..
.. ...... .§.
.. .


You could see a bone dragon, a wretched star, a great orb of eyes, an ancient
zyme, 3 large abominations, an earth elemental, a smoke demon, 2 hell hounds, a
gargoyle, a small abomination, a +1 flail of holy wrath and a snapping turtle
zombie.

Vanquished Creatures
  A deep elf sorcerer (Elf:3)
  A stone giant (Orc:1)
  An ironheart preserver (D:13)
  A war gargoyle (Abyss:3)
  Azrael (D:15)
  5 deep elf annihilators (Elf:3)
  4 deep elf death magi (Elf:3)
  An ettin (Orc:1)
  3 fire dragons
  5 hydras
  4 catoblepae
  4 centaur warriors
  9 two-headed ogres
  2 dancing weapons (Elf:3)
  An ogre mage (Orc:1)
  8 death yaks
  5 orc high priests (Orc:2)
  A deep elf knight (Elf:3)
  Nergalle (D:10)
  Urug (Lair:6)
  2 wretched stars
  A death drake (Abyss:3)
  A spatial maelstrom (Abyss:3)
  An unseen horror (D:15)
  A deep elf archer (Elf:3)
  A lindwurm (Lair:5)
  Pikel (D:4)
  8 ugly things
  6 orc knights
  An oklob plant (Lair:1)
  2 deep elf magi (Elf:3)
  A cyclops (D:14)
  An orc sorcerer (Orc:1)
  3 manticores
  Joseph (Lair:1)
  Psyche (D:11)
  2 centaur zombies
  4 black mambas
  6 gargoyles
  27 spiny frogs
  10 komodo dragons
  2 rime drakes
  A tengu conjurer (D:15)
  A yaktaur (shapeshifter) (D:15)
  An ancient zyme (Abyss:3)
  3 catoblepas skeletons (Abyss:3)
  4 trolls
  3 meliai (Lair:4)
  2 polar bears (Lair:4)
  2 queen bees
  A hornet (D:11)
  3 tyrant leeches (Lair:6)
  18 blink frogs
  6 slime creatures (D:13)
  Prince Ribbit (D:6)
  3 meliai zombies
  A blink frog (shapeshifter) (D:15)
  6 hippogriffs
  11 dream sheep
  4 raiju (Abyss:2)
  49 yaks
  A wraith (D:13)
  2 air elementals
  Sigmund (D:4)
  5 wyverns
  5 fire elementals
  4 hungry ghosts
  3 basilisks
  A neqoxec (Abyss:3)
  A small abomination (Abyss:2)
  A steam dragon (D:10)
  13 vampire mosquitoes
  2 wargs (Orc:2)
  Edmund (D:4)
  A soldier ant (D:13)
  5 hell hounds
  12 porcupines
  34 orc warriors
  A slave (D:4)
  15 water moccasins
  A sky beast (D:5)
  3 black bears
  6 ice beasts
  2 necrophages
  A hornet zombie (D:13)
  4 boggarts (Lair:4)
  3 phantoms
  11 ogres
  12 wolves
  7 centaurs
  11 crocodiles
  3 big kobolds
  27 bullfrogs
  A wyvern zombie (D:13)
  4 earth elementals
  A wyvern skeleton (D:12)
  4 scorpions
  32 killer bees
  7 electric eels
  5 wights (D:8)
  2 bullfrog zombies (D:12)
  6 crimson imps
  30 orc priests
  A jelly (D:11)
  5 bullfrog skeletons
  6 centaur skeletons
  3 hounds
  Crazy Yiuf (D:2)
  Jessica (D:2)
  7 iguanas
  Terence (D:2)
  14 orc wizards
  A hell rat (D:6)
  10 worker ants
  A bullfrog simulacrum (D:11)
  A hound zombie (D:4)
  2 hound skeletons
  A howler monkey zombie (D:9)
  A worker ant zombie (D:9)
  3 gnolls (D:4)
  A howler monkey skeleton (D:9)
  23 adders
  6 river rats (D:6)
  2 shadow imps
  An adder zombie (D:10)
  An adder skeleton (D:7)
  3 dart slugs
  8 leopard geckos
  102 orcs
  9 bats
  4 giant cockroaches
  2 gnoll zombies (D:7)
  6 goblins
  9 hobgoblins
  23 jackals
  9 quokkas
  3 ball pythons
  4 frilled lizards
  25 kobolds
  28 rats
  2 bushes (Lair:1)
  6 fungi (Lair:1)
  10 plants
899 creatures vanquished.

Vanquished Creatures (collateral kills)
  The ghost of skk the Spear-Bearer, a journeyman DsFi of Okawaru (D:11)
  A two-headed ogre (Orc:1)
  A meliai simulacrum (D:11)
  An ogre (Orc:1)
  2 spectral centaurs (D:11)
  A bullfrog zombie (D:11)
  3 orc priests (Orc:1)
  3 orcs (Orc:1)
13 creatures vanquished.

Vanquished Creatures (others)
  An orc sorcerer (Orc:1)
  A basilisk (Abyss:3)
  An orc warrior (Orc:1)
  An ice beast (D:13)
  A scorpion (D:4)
  An orc priest (Orc:1)
  A frilled lizard (D:4)
  25 fungi
  A lurking horror (Abyss:3)
  41 plants
74 creatures vanquished.

Grand Total: 986 creatures vanquished

Notes
Turn   | Place    | Note
-------+----------+-------------------------------------------
     0 | D:1      | skk the Formicid Fighter began the quest for the Orb.
     0 | D:1      | Reached XP level 1. HP: 18/18 MP: 1/1
   122 | D:1      | Reached XP level 2. HP: 24/24 MP: 2/2
   396 | D:1      | Reached skill level 4 in Shields
   396 | D:1      | Reached XP level 3. HP: 29/29 MP: 3/3
   805 | D:2      | Noticed Jessica
   813 | D:2      | Killed Jessica
   813 | D:2      | Reached XP level 4. HP: 20/37 MP: 4/4
  1081 | D:2      | Found a runed translucent door.
  1082 | D:2      | Noticed Crazy Yiuf
  1087 | D:2      | Killed Crazy Yiuf
  1087 | D:2      | Reached XP level 5. HP: 40/42 MP: 5/5
  1312 | D:2      | Noticed Terence
  1325 | D:2      | Killed Terence
  1717 | D:3      | Reached skill level 5 in Shields
  1801 | D:3      | Reached skill level 1 in Staves
  1834 | D:3      | Reached XP level 6. HP: 48/48 MP: 6/6
  1847 | D:3      | Found a glowing silver altar of Zin.
  2020 | D:3      | Found a shattered altar of Ashenzari.
  2240 | D:4      | Noticed Sigmund
  2257 | D:4      | Killed Sigmund
  2257 | D:4      | Reached XP level 7. HP: 43/54 MP: 7/7
  2330 | D:4      | Found a staircase to the Ecumenical Temple.
  2387 | Temple   | Entered the Ecumenical Temple
  2537 | Temple   | Became a worshipper of Warmaster Okawaru
  2761 | D:4      | Noticed Pikel
  2776 | D:4      | Killed Pikel
  2776 | D:4      | Reached * piety under Okawaru
  2776 | D:4      | Reached skill level 1 in Dodging
  2776 | D:4      | Reached skill level 7 in Shields
  2776 | D:4      | Reached XP level 8. HP: 47/61 MP: 8/8
  2973 | D:4      | Noticed Edmund
  2992 | D:4      | Killed Edmund
  2992 | D:4      | Reached ** piety under Okawaru
  2992 | D:4      | Reached skill level 5 in Staves
  3202 | D:4      | Reached skill level 5 in Fighting
  3243 | D:4      | Reached skill level 1 in Maces & Flails
  3258 | D:4      | Reached skill level 1 in Stealth
  3306 | D:4      | Found Caxzoimp's Assorted Antiques.
  3314 | D:4      | Bought a scroll labeled DOMAZIPUIH for 28 gold pieces
  3314 | D:4      | Bought a scroll labeled DOMAZIPUIH for 28 gold pieces
  3345 | D:4      | Reached skill level 5 in Armour
  3744 | D:5      | Entered Level 5 of the Dungeon
  3839 | D:5      | Reached XP level 9. HP: 49/68 MP: 9/9
  4845 | D:6      | Reached skill level 8 in Shields
  4858 | D:6      | Found the +2 ratskin cloak {+Rats rPois rN+ Str-1 Int-1
                  | Dex+1}
  5070 | D:6      | Found a blossoming altar of Fedhas.
  5167 | D:6      | Noticed Prince Ribbit
  5178 | D:6      | Killed Prince Ribbit
  5178 | D:6      | Reached *** piety under Okawaru
  5317 | D:6      | Found a radiant altar of Vehumet.
  6252 | D:7      | Found a basalt altar of Yredelemnul.
  6497 | D:8      | Reached XP level 10. HP: 76/76 MP: 10/10
  6521 | D:8      | Reached skill level 9 in Shields
  6561 | D:8      | Reached **** piety under Okawaru
  6695 | D:8      | Reached skill level 1 in Invocations
  7071 | D:8      | Reached ***** piety under Okawaru
  7076 | D:8      | Received a gift from Okawaru
  7461 | D:8      | Found a staircase to the Lair.
  7859 | D:9      | Found a shadowy altar of Dithmenos.
  7893 | D:9      | Reached skill level 10 in Shields
  7976 | D:9      | Reached XP level 11. HP: 83/83 MP: 13/13
  8050 | D:9      | Found a shimmering altar of Xom.
  8197 | D:9      | Found a hazy altar of Hepliaklqana.
  8675 | D:10     | Entered Level 10 of the Dungeon
  8741 | Lair:1   | Entered Level 1 of the Lair of Beasts
  8761 | Lair:1   | Noticed an eight-headed hydra
  9087 | Lair:1   | Killed an eight-headed hydra
  9267 | Lair:1   | Received a gift from Okawaru
  9277 | Lair:1   | Reached skill level 5 in Invocations
  9692 | Lair:1   | Reached skill level 10 in Staves
  9843 | Lair:1   | Got a shimmering whip
  9844 | Lair:1   | Identified the +6 whip of World Downfall {slash, rPois
                  | Dex+4} (You found it on level 1 of the Lair of Beasts)
  9900 | Lair:1   | Found a blossoming altar of Fedhas.
  9910 | Lair:1   | Noticed an oklob plant
 10064 | Lair:1   | Killed an oklob plant
 10064 | Lair:1   | Reached XP level 12. HP: 87/91 MP: 14/16
 10163 | Lair:1   | Noticed Joseph
 10178 | Lair:1   | Killed Joseph
 10338 | Lair:1   | Reached skill level 5 in Maces & Flails
 11053 | Lair:2   | Reached skill level 11 in Shields
 11131 | Lair:2   | Reached ****** piety under Okawaru
 11131 | Lair:2   | Received a gift from Okawaru
 11140 | Lair:2   | Identified a +1 pair of boots of running (Okawaru gifted it
                  | to you on level 2 of the Lair of Beasts)
 11685 | Lair:3   | Noticed a death yak
 11685 | Lair:3   | Noticed a death yak
 11685 | Lair:3   | Noticed a death yak
 11685 | Lair:3   | Noticed a death yak
 11685 | Lair:3   | Noticed a death yak
 11699 | Lair:2   | Killed a death yak
 12035 | Lair:3   | Found a staircase to the Snake Pit.
 12365 | Lair:3   | Reached XP level 13. HP: 72/98 MP: 18/18
 12752 | Lair:3   | Received a gift from Okawaru
 13538 | Lair:4   | Found a staircase to the Swamp.
 13672 | Lair:4   | Reached skill level 12 in Shields
 14492 | Lair:5   | Identified the Papyrus of Changing
 14626 | Lair:5   | Noticed a seven-headed hydra
 14635 | Lair:5   | Killed a seven-headed hydra
 14670 | Lair:5   | Noticed a catoblepas
 14707 | Lair:5   | Killed a catoblepas
 15315 | Lair:5   | Reached skill level 1 in Evocations
 15474 | Lair:5   | Reached skill level 5 in Dodging
 15845 | Lair:6   | Entered Level 6 of the Lair of Beasts
 15845 | Lair:6   | Noticed Urug
 15862 | Lair:6   | Killed Urug
 15862 | Lair:6   | Received a gift from Okawaru
 15889 | Lair:6   | Reached XP level 14. HP: 52/108 MP: 21/21
 16209 | Lair:6   | Reached skill level 10 in Invocations
 16333 | Lair:6   | Reached skill level 10 in Maces & Flails
 16403 | Lair:6   | Reached skill level 13 in Shields
 16854 | Lair:6   | Received a gift from Okawaru
 17127 | Lair:6   | Found a staircase to the Slime Pits.
 17127 | Lair:6   | Found a viscous altar of Jiyva.
 19044 | D:10     | Reached skill level 10 in Fighting
 19056 | D:10     | Received a gift from Okawaru
 19174 | D:10     | Noticed Nergalle
 19196 | D:10     | Killed Nergalle
 19376 | D:10     | Found a burning altar of Makhleb.
 19765 | D:10     | Found Fudeeq's Book Emporium.
 20027 | D:11     | Reached XP level 15. HP: 106/115 MP: 23/23
 20136 | D:11     | Noticed Psyche
 20147 | D:11     | Killed Psyche
 20147 | D:11     | Reached skill level 14 in Shields
 20160 | D:11     | Got a jewelled leather armour
 20171 | D:11     | Identified the +3 leather armour "Bulakol" {Int+4} (You
                  | found it on level 11 of the Dungeon)
 20507 | D:11     | Found a runed translucent gate.
 20509 | D:11     | Found a runed translucent gate.
 20510 | D:11     | Found a runed translucent gate.
 20512 | D:11     | Noticed skk's ghost (journeyman DsFi)
 20712 | D:11     | Killed skk's ghost
 20724 | D:11     | Identified a scroll of acquirement
 21341 | D:12     | Found a staircase to the Orcish Mines.
 21346 | D:12     | Got a polished plate armour
 21357 | D:12     | Identified the cursed +1 plate armour "Zulue" {+Blink rF+
                  | Str+4 Int+2} (You found it on level 12 of the Dungeon)
 21577 | D:12     | Found a roughly hewn altar of Beogh.
 21754 | D:13     | Noticed an ironheart preserver
 21792 | D:13     | Killed an ironheart preserver
 21792 | D:13     | Received a gift from Okawaru
 21805 | D:13     | Found a gate to the Vaults.
 23564 | D:14     | Received a gift from Okawaru
 23634 | D:15     | Entered Level 15 of the Dungeon
 23716 | D:15     | Reached skill level 1 in Long Blades
 23755 | D:15     | Reached skill level 15 in Shields
 23829 | D:15     | Reached skill level 10 in Armour
 23901 | D:15     | Noticed Azrael
 23935 | D:15     | Killed Azrael
 24284 | D:15     | Reached XP level 16. HP: 93/126 MP: 24/24
 24693 | D:15     | Found a staircase to the Depths.
 25059 | Orc:1    | Entered Level 1 of the Orcish Mines
 25113 | Orc:1    | Found a dark tunnel.
 25117 | Volcano  | Entered a volcano
 25238 | Orc:2    | Entered Level 2 of the Orcish Mines
 25754 | Orc:2    | Found a staircase to the Elven Halls.
 26727 | Orc:2    | Received a gift from Okawaru
 26727 | Orc:2    | Reached skill level 16 in Shields
 28387 | Orc:2    | Found Xots's Magic Scroll Shoppe.
 28390 | Orc:2    | Found Bionwen's Magic Scroll Shoppe.
 28391 | Orc:2    | Found Annes's Assorted Antiques.
 28392 | Orc:2    | Found Aduy's Food Emporium.
 28396 | Orc:2    | Bought a scroll of brand weapon for 280 gold pieces
 28396 | Orc:2    | Bought a scroll of identify for 28 gold pieces
 28396 | Orc:2    | Bought a scroll of identify for 28 gold pieces
 28396 | Orc:2    | Bought a scroll of identify for 28 gold pieces
 28396 | Orc:2    | Bought a scroll of identify for 28 gold pieces
 28396 | Orc:2    | Bought a scroll of enchant weapon for 105 gold pieces
 28396 | Orc:2    | Bought a scroll of identify for 28 gold pieces
 28396 | Orc:2    | Bought a scroll of enchant weapon for 105 gold pieces
 28396 | Orc:2    | Bought a scroll of remove curse for 42 gold pieces
 28399 | Orc:2    | Bought a scroll of identify for 26 gold pieces
 28399 | Orc:2    | Bought a scroll of identify for 26 gold pieces
 28399 | Orc:2    | Bought a scroll of identify for 26 gold pieces
 28399 | Orc:2    | Bought a scroll of identify for 26 gold pieces
 28399 | Orc:2    | Bought a scroll of remove curse for 39 gold pieces
 28399 | Orc:2    | Bought a scroll of fog for 26 gold pieces
 28399 | Orc:2    | Bought a scroll of noise for 13 gold pieces
 28399 | Orc:2    | Bought a scroll of identify for 26 gold pieces
 28399 | Orc:2    | Bought a scroll of identify for 26 gold pieces
 28465 | Elf:1    | Entered Level 1 of the Elven Halls
 28480 | Elf:1    | You fall through a shaft!
 28495 | Elf:2    | You fall through a shaft!
 28495 | Elf:3    | Entered Level 3 of the Elven Halls
 28908 | Elf:3    | Found an ancient bone altar of Kikubaaqudgha.
 29126 | Elf:3    | Found Ycvys's Antique Weapon Emporium.
 29612 | Elf:3    | Noticed a deep elf sorcerer
 29663 | Elf:3    | Killed a deep elf sorcerer
 30387 | Elf:3    | Reached XP level 17. HP: 100/135 MP: 23/25
 30502 | Elf:3    | Cast into level 2 of the Abyss (a deep elf sorcerer)
 31082 | Abyss:3  | Gained mutation: You are weak. (Str -2) [a neqoxec]
 31170 | Abyss:3  | Got an abyssal rune of Zot
 31293 | Abyss:3  | Noticed a bone dragon
 31310 | Abyss:3  | Slain by a large abomination

Skill      XL: |  1  2  3  4  5  6  7  8  9 10 11 12 13 14 15 16 17 |
---------------+----------------------------------------------------+-----
Shields        | 4 5 7 8 10 11 12 13 15 16 | 16.8
Polearms       | 3 |  3.3
Armour         | 4 5 6 7 8 9 10 11 | 11.4
Staves         | 1 2 4 5 6 9 10 | 10.2
Fighting       | 4 5 6 7 8 9 10 11 12 13 | 13.2
Dodging        | 1 2 3 4 5 6 |  6.2
Maces & Flails | 2 4 7 9 11 12 | 12.6
Stealth        | 1 |  1.6
Invocations    | 3 6 7 9 11 | 11.7
Evocations     | 1 2 |  2.7
Long Blades    | 3 |  3.2

Action                   |  1- 3 |  4- 6 |  7- 9 | 10-12 | 13-15 | 16-18 || total
-------------------------+-------+-------+-------+-------+-------+-------++-------
Melee: Trident           |    88 |    52 |       |       |       |       ||   140
       Quarterstaff      |       |   114 |   295 |   433 |       |       ||   842
       Dire flail        |       |       |    48 |       |       |       ||    48
       Falchion          |       |       |    21 |       |       |       ||    21
       Whip              |       |       |       |   600 |  2060 |  1103 ||  3763
       Double sword      |       |       |       |       |    37 |       ||    37
Invok: Heroism           |       |       |       |     5 |    36 |    22 ||    63
       Finesse           |       |       |       |       |     2 |     4 ||     6
 Abil: Dig               |       |       |       |       |     3 |     4 ||     7
       Evoke Ratskin     |       |       |       |       |     4 |       ||     4
       Shaft Self        |       |       |       |       |       |     3 ||     3
Evoke: Wand              |       |       |     1 |       |    16 |     2 ||    19
       Lightning rod     |       |       |       |       |    10 |     3 ||    13
  Use: Scroll            |       |     8 |    12 |     6 |    10 |     9 ||    45
       Potion            |       |       |     1 |     1 |     4 |    13 ||    19
 Stab: Petrified         |       |       |     2 |       |       |       ||     2
       Petrifying        |       |       |     1 |       |       |       ||     1
       Confused          |       |       |       |       |     2 |     2 ||     4
       Sleeping          |       |       |       |       |     2 |       ||     2
  Eat: Chunk             |       |     5 |    14 |    11 |    21 |     7 ||    58
       Ration            |       |       |       |     3 |     5 |     5 ||    13
Armor: Scale mail        |    23 |    44 |    16 |   130 |   195 |       ||   408
       Chain mail        |       |    10 |    53 |       |       |       ||    63
       Plate armour      |       |       |       |       |   121 |   221 ||   342
Dodge: Dodged            |    29 |    52 |   146 |   328 |   669 |   253 ||  1477
Block: Shield            |    21 |    82 |   163 |   397 |  1052 |   547 ||  2262
       Rpst.: Falchion   |       |       |     2 |       |       |       ||     2
       Double sword      |       |       |       |       |     9 |       ||     9
